 Dungeon Crawl Stone Soup version 0.30-a0-49-g1cef19eb02 (webtiles) character file.

Game seed: 13940277893481077792

30227 Newt the Markskobold (level 13, -2/82 HPs)
             Began as a Kobold Hunter on Sept 2, 2022.
             Was an Initiate of Gozag.
             Slain by a polar bear (3 damage)
             ... in an ice cave.
             The game lasted 00:24:16 (16273 turns).

Newt the Markskobold (Kobold Hunter)               Turns: 16273, Time: 00:24:16

Health: -2/82      AC: 19    Str:  8    XL:     13   Next: 87%
Magic:  20/20      EV:  8    Int: 12    God:    Gozag
Gold:   1366       SH:  0    Dex: 22    Spells: 22/22 levels left

rFire   + . .      SeeInvis .    L - +7 arbalest of Qeew {elec, Will+}
rCold   + . .      Faith    .    (shield currently unavailable)
rNeg    . . .      Spirit   .    h - +1 chain mail "Geistrekk" {rC+ Will+ Stlth+}
rPois   .          Reflect  .    T - +2 hat
rElec   .          Harm     .    N - +0 cloak
rCorr   +          Rampage  .    Z - +0 pair of gloves
Will    ++...                    w - +0 pair of boots of the Volcano {rCorr}
Stlth   +.........               R - amulet of regeneration
HPRegen 1.03/turn                d - +4 ring of protection
MPRegen 0.17/turn                F - ring of protection from fire

@: mighty, frozen, gold aura, hasted, studying Throwing, quick
A: small, no large weapons, nightstalker 3
a: Renounce Religion, Potion Petition, Call Merchant, Bribe Branch


You were in an ice cave.
You worshipped Gozag.
Gozag was most pleased with you.
You visited 2 branches of the dungeon, and saw 14 of its levels.
You also visited: Ice Cave.

You collected 4650 gold pieces.
You spent 2512 gold pieces at shops.
You paid 772 gold pieces to Gozag.

Inventory:

Hand Weapons
 a - a +5 vorpal shortbow
 L - the +7 arbalest of Qeew (weapon) {elec, Will+}
   (You acquired it on level 6 of the Dungeon)

   Any ammunition fired from it occasionally discharges a powerful burst of
   electricity upon striking a foe.
   Will:      It increases your willpower.
Missiles
 V - 2 throwing nets
Armour
 c - a +0 leather armour
 h - the +1 chain mail "Geistrekk" (worn) {rC+ Will+ Stlth+}
   (You found it on level 13 of the Dungeon)

   rC:        It protects you from cold.
   Will:      It increases your willpower.
   Stlth:     It makes you more stealthy.
 k - a +0 crystal plate armour of cold resistance
 w - the +0 pair of boots of the Volcano (worn) {rCorr}
   (You acquired it on level 8 of the Dungeon)

   rCorr:     It protects you from acid and corrosion.
 z - an orb of light
 N - a +0 cloak (worn)
 T - a +2 hat (worn)
 Z - a +0 pair of gloves (worn)
Jewellery
 d - a +4 ring of protection (left hand)
 s - an amulet of reflection
 F - a ring of protection from fire (right hand)
 R - an amulet of regeneration (around neck)
 U - a ring of fire
 X - a ring of wizardry
Wands
 y - a wand of flame (69)
 A - a wand of digging (8)
 K - a wand of polymorph (39)
 W - a wand of light (1)
 Y - a wand of charming (8)
Scrolls
 b - 6 scrolls of immolation
 e - a scroll of summoning
 g - 4 scrolls of blinking
 j - 2 scrolls of butterflies
 n - 9 scrolls of teleportation
 o - 2 scrolls of fear
 q - 2 scrolls of brand weapon
 x - a scroll of silence
 J - 2 scrolls of enchant armour
 P - a scroll of magic mapping
 Q - 10 scrolls of identify
 S - 5 scrolls of poison
Potions
 f - 4 potions of heal wounds
 i - 3 potions of brilliance
 l - 11 potions of curing
 r - 3 potions of flight
 v - 2 potions of haste
 B - 2 potions of attraction
 C - 2 potions of lignification
 D - 3 potions of might
 E - 3 potions of ambrosia
 H - a potion of mutation
 O - 2 potions of berserk rage
Miscellaneous
 M - a phial of floods


   Skills:
 - Level 10.0 Fighting
 - Level 18.0 Ranged Weapons
 - Level 4.0 Armour
 - Level 10.0 Dodging
 - Level 1.3 Stealth
 - Level 5.0 Spellcasting
 + Level 8.7 Summonings
 - Level 10.0 Evocations


You had 22 spell levels left.
You didn't know any spells.
Your spell library contained the following spells:

 Spells                   Type           Power      Damage    Failure   Level
 Sting                    Tmut/Pois      12%        1d3       100%        1
 Poisonous Vapours        Pois/Air       6%         N/A       100%        2
 Confusing Touch          Hex            3%         N/A       100%        3
 Inner Flame              Hex/Fire       3%         N/A       100%        3
 Ozocubu's Armour         Ice            3%         N/A       100%        3
 Stone Arrow              Conj/Erth      6%         3d7       100%        3
 Tukima's Dance           Hex            3%         N/A       100%        3
 Animate Armour           Summ/Erth      26%        N/A       100%        4
 Olgreb's Toxic Radiance  Pois           3%         N/A       100%        4
 Metabolic Englaciation   Hex/Ice        1%         N/A       100%        5
 Yara's Violent Unravell  Hex/Tmut       1%         3d3       100%        5
 Enfeeble                 Hex            1%         N/A       100%        7
 Lehudib's Crystal Spear  Conj/Erth      1%         10d2      100%        8
 Simulacrum               Ice/Necr       Unusable   N/A       N/A         6

Dungeon Overview and Level Annotations

Branches:
Dungeon (13/15)            Temple (1/1) D:4            Lair (0/5) D:11
    Orc (0/2) D:10          IceCv (1/1)
 Vaults: D:13-14

Altars:
Ashenzari
Cheibriados
Dithmenos
Elyvilon
Fedhas
Gozag
Hepliaklqana
Kikubaaqudgha
Makhleb
Nemelex Xobeh
Okawaru
Qazlal
Ru
Sif Muna
Uskayaw
Vehumet
Wu Jian
Yredelemnul
Zin
The Shining One

Shops:
D:3 :   D:6 !*?*(   D:8 *   D:11 ?

Annotations:
D:13 2 runed translucent doors


Innate Abilities, Weirdness & Mutations

You are small and have problems with some larger weapons.
You are completely attuned to the shadows.


Message History

Unknown command.
Fire: L) +7 arbalest of Qeew {elec, Will+}
Press: ? - help, Shift-Dir - straight line, f/p - ironbound frostheart
Aim: an ironbound frostheart, wearing a +0 scale mail (moderately wounded, 78% to hit)
You shoot a bolt.
The bolt hits the ironbound frostheart!!
Lightning courses through the ironbound frostheart!
The ironbound frostheart is almost dead.
The wolf is distracted by your dazzling golden aura.
The polar bear is distracted by your dazzling golden aura.
The ironbound frostheart touches you. The ironbound frostheart freezes you!
You resist.
Unknown command.
Fire: L) +7 arbalest of Qeew {elec, Will+}
Press: ? - help, Shift-Dir - straight line, f/p - ironbound frostheart
Aim: an ironbound frostheart, wearing a +0 scale mail (almost dead, 78% to hit)
You shoot a bolt. The polar bear growls angrily.
The wolf howls!
The bolt hits the ironbound frostheart!!
You kill the ironbound frostheart!
The polar bear is no longer distracted by gold.
The wolf is no longer distracted by gold.
Unknown command.
Fire: L) +7 arbalest of Qeew {elec, Will+}
Press: ? - help, Shift-Dir - straight line, f - polar bear
Aim: a polar bear (heavily wounded, 80% to hit)
You shoot a bolt. The bolt hits the polar bear!
The polar bear is severely wounded.
The ice encasing you melts away.
You hear an angry growl.
The ironbound frostheart is no longer distracted by gold.
The wolf is no longer distracted by gold.
The wolf is distracted by your dazzling golden aura.
The ironbound frostheart calls freezing cold from the walls.
The frost grips you!! You partially resist.
* * * LOW HITPOINT WARNING * * *
You are encased in ice.
The polar bear bites you.
You die...
Your body crumbles into a pile of gold.

######## ~~##...###
~#~..##..##
~~.#####..# h
##....#..######## h.
....#..#...##...##hph
⌠.#########...##@hh#
..# ########## ###


You could see an ironbound frostheart, 4 polar bears and 2 wolves.

Vanquished Creatures
  Gastronok (D:9)
  Josephine (D:12)
  A boulder beetle (D:12)
  An ironbound frostheart (IceCv)
  A hydra (D:12)
  The ghost of ytrimaz the Fighter, a novice FoFi of Okawaru (D:9)
  A two-headed ogre (D:10)
  A centaur warrior (D:10)
  5 death yaks (IceCv)
  A deep elf pyromancer (D:12)
  An ugly thing (D:11)
  An oklob plant (D:8)
  A cyclops (D:12)
  A manticore (D:12)
  Maurice (D:8)
  An ice statue (IceCv)
  A gargoyle (D:11)
  An unseen horror (D:12)
  2 rime drakes (D:13)
  4 trolls
  9 polar bears (IceCv)
  5 slime creatures
  A shadow (D:11)
  7 wraiths
  A wyvern (D:10)
  A vampire (D:12)
  34 yaks
  An unseen horror simulacrum (D:9)
  7 vampire mosquitoes
  4 wargs
  A water moccasin (D:8)
  2 acid dragons
  4 orc warriors
  6 ice beasts
  2 sky beasts
  2 black bears
  17 wolves (IceCv)
  2 ogres (D:6)
  5 centaurs
  A bullfrog (D:7)
  A kobold brigand (D:9)
  2 necrophages
  2 scorpions (D:5)
  3 gnoll sergeants
  9 killer bees
  2 electric eels (D:6)
  A howler monkey (D:6)
  A lava snake (D:7)
  8 jellies
  A gnoll bouda (D:7)
  6 orc priests
  A hound (D:6)
  3 iguanas
  10 orc wizards
  A centaur simulacrum (D:9)
  9 adders
  19 gnolls
  A shadow imp (D:7)
  5 white imps (D:9)
  4 ufetubi
  3 worms
  A dart slug (D:4)
  30 orcs
  7 ball pythons
  20 endoplasms
  5 giant cockroaches
  13 goblins
  6 hobgoblins
  8 jackals
  19 kobolds
  3 quokkas
  3 bats (D:1)
  2 frilled lizards
  7 rats
356 creatures vanquished.

Vanquished Creatures (collateral kills)
  The ghost of ytrimaz the Chopper, a novice DsFi of Ashenzari (D:5)
  A manticore (D:7)
  A kobold brigand (D:5)
  A killer bee (D:7)
  2 kobolds (D:5)
6 creatures vanquished.

Vanquished Creatures (others)
  7 fungi (D:8)
  12 plants (D:6)
19 creatures vanquished.

Grand Total: 381 creatures vanquished

Notes
Turn   | Place    | Note
-------+----------+-------------------------------------------
     0 | D:1      | Newt the Kobold Hunter began the quest for the Orb.
     0 | D:1      | Reached XP level 1. HP: 12/12 MP: 1/1
   137 | D:1      | Reached XP level 2. HP: 17/18 MP: 2/2
   551 | D:1      | Reached XP level 3. HP: 23/23 MP: 3/3
   868 | D:1      | Found a faded altar of an unknown god.
  1234 | D:2      | Reached XP level 4. HP: 29/29 MP: 4/4
  1390 | D:2      | Reached skill level 6 in Ranged Weapons
  2181 | D:3      | Reached XP level 5. HP: 33/33 MP: 5/5
  2789 | D:3      | Found Omiggel's Book Boutique.
  2881 | D:4      | Reached skill level 7 in Ranged Weapons
  3237 | D:4      | Reached XP level 6. HP: 37/38 MP: 6/6
  3258 | D:4      | Found a staircase to the Ecumenical Temple.
  3333 | Temple   | Entered the Ecumenical Temple
  3500 | Temple   | Became a worshipper of Gozag Ym Sagoz the Greedy
  3647 | D:4      | Reached skill level 5 in Dodging
  3843 | D:4      | Found a glowing golden altar of the Shining One.
  3895 | D:5      | Entered Level 5 of the Dungeon
  4424 | D:5      | Reached skill level 8 in Ranged Weapons
  4424 | D:5      | Reached XP level 7. HP: 43/43 MP: 7/7
  4700 | D:5      | Found a runed translucent gate.
  4700 | D:5      | Found a runed translucent gate.
  4700 | D:5      | Found a runed translucent gate.
  4708 | D:5      | Noticed ytrimaz's ghost (novice DsFi)
  4782 | D:5      | Found a broken altar of Ashenzari.
  5084 | D:5      | Killed ytrimaz's ghost
  5085 | D:5      | Reached skill level 9 in Ranged Weapons
  5085 | D:5      | Reached XP level 8. HP: 40/51 MP: 8/8
  5088 | D:5      | Reached skill level 10 in Ranged Weapons
  5306 | D:6      | Found Jameorit's Assorted Antiques.
  5309 | D:6      | Bought a scroll of identify for 56 gold pieces
  5309 | D:6      | Bought a scroll of identify for 56 gold pieces
  5392 | D:6      | Noticed a yak
  5393 | D:6      | Noticed a yak
  5394 | D:6      | Noticed a yak
  5398 | D:6      | Noticed a yak
  5399 | D:6      | Noticed a yak
  5406 | D:6      | Killed a yak
  5407 | D:6      | Reached skill level 11 in Ranged Weapons
  5414 | D:6      | Killed a yak
  5415 | D:6      | Killed a yak
  5416 | D:6      | Reached skill level 12 in Ranged Weapons
  5416 | D:6      | Reached XP level 9. HP: 45/55 MP: 9/9
  5424 | D:6      | Reached skill level 13 in Ranged Weapons
  5424 | D:6      | Reached skill level 1 in Armour
  5770 | D:6      | Found Ewufig's Distillery.
  5775 | D:6      | Bought a potion of attraction for 42 gold pieces
  5775 | D:6      | Bought a potion of heal wounds for 70 gold pieces
  5775 | D:6      | Bought a potion of lignification for 42 gold pieces
  5775 | D:6      | Bought a potion of might for 56 gold pieces
  5775 | D:6      | Bought a potion of curing for 42 gold pieces
  5775 | D:6      | Bought a potion of ambrosia for 112 gold pieces
  5904 | D:6      | Found a sparkling altar of Nemelex Xobeh.
  5905 | D:6      | Found a snail-covered altar of Cheibriados.
  6093 | D:6      | Found Zutsarog's Weapon Shoppe.
  6315 | D:6      | Found Riatsem's Magic Scroll Emporium.
  6320 | D:6      | Bought a scroll of enchant weapon for 97 gold pieces
  6320 | D:6      | Bought a scroll of enchant weapon for 97 gold pieces
  6385 | D:7      | Reached XP level 10. HP: 48/60 MP: 10/10
  6473 | D:7      | Found a hazy altar of Hepliaklqana.
  6559 | D:7      | Noticed a manticore
  6573 | D:7      | Killed a manticore
  6574 | D:7      | Reached skill level 10 in Dodging
  6574 | D:7      | Reached skill level 1 in Evocations
  6765 | D:7      | Found a basalt altar of Yredelemnul.
  6787 | D:7      | Found an iron altar of Okawaru.
  7294 | D:7      | Reached skill level 5 in Evocations
  7553 | D:8      | Identified 2 scrolls of acquirement
  7553 | D:8      | Acquired 1122 gold pieces
  7555 | D:8      | Acquired the +0 pair of boots of the Volcano {rCorr}
  7620 | D:6      | Bought a scroll of acquirement for 676 gold pieces
  7622 | D:6      | Acquired the +7 arbalest of Qeew {elec, Will+}
  7637 | D:6      | Found Zoraompo's General Store.
  7641 | D:6      | Bought a potion of haste for 100 gold pieces
  7641 | D:6      | Bought a potion of curing for 30 gold pieces
  8262 | D:8      | Found Itozahai's General Store.
  8265 | D:8      | Bought a scroll of teleportation for 42 gold pieces
  8265 | D:8      | Bought a phial of floods for 560 gold pieces
  8265 | D:8      | Bought a scroll of identify for 28 gold pieces
  8311 | D:8      | Reached skill level 14 in Ranged Weapons
  8432 | D:8      | Found a blossoming altar of Fedhas.
  8432 | D:8      | Found a hide-covered altar of Uskayaw.
  8463 | D:8      | Noticed Maurice
  8465 | D:8      | Killed Maurice
  8466 | D:8      | Reached XP level 11. HP: 61/64 MP: 11/11
  8653 | D:8      | Noticed an oklob plant
  8659 | D:8      | Killed an oklob plant
  8660 | D:8      | Reached skill level 15 in Ranged Weapons
  9169 | D:9      | Reached skill level 16 in Ranged Weapons
  9662 | D:9      | Found a shimmering blue altar of Sif Muna.
  9827 | D:9      | Found a runed translucent gate.
  9827 | D:9      | Found a runed translucent gate.
  9828 | D:9      | Found a runed translucent gate.
  9898 | D:9      | Noticed Gastronok
  9904 | D:9      | Killed Gastronok
  9905 | D:9      | Reached skill level 17 in Ranged Weapons
 10021 | D:9      | Noticed ytrimaz's ghost (novice FoFi)
 10244 | D:9      | Killed ytrimaz's ghost
 10288 | D:9      | Reached skill level 18 in Ranged Weapons
 10341 | D:9      | Got the Folio of Fascination
 10391 | D:10     | Entered Level 10 of the Dungeon
 10891 | D:9      | Reached XP level 12. HP: 47/70 MP: 12/12
 11120 | D:10     | Noticed a centaur warrior
 11128 | D:10     | Killed a centaur warrior
 11392 | D:10     | Noticed a two-headed ogre
 11397 | D:10     | Killed a two-headed ogre
 11864 | D:10     | Found a staircase to the Orcish Mines.
 12045 | D:11     | Reached skill level 10 in Evocations
 12046 | D:11     | Bought a scroll of enchant armour for 105 gold pieces
 12046 | D:11     | Bought a scroll of identify for 28 gold pieces
 12046 | D:11     | Bought a scroll of identify for 28 gold pieces
 12046 | D:11     | Bought a scroll of identify for 28 gold pieces
 12046 | D:11     | Bought a scroll of identify for 28 gold pieces
 12046 | D:11     | Bought 3 scrolls of identify for 84 gold pieces
 12046 | D:11     | Bought a scroll of magic mapping for 105 gold pieces
 12911 | D:11     | Found a staircase to the Lair.
 13910 | D:12     | Noticed Josephine
 13912 | D:12     | Killed Josephine
 14052 | D:12     | Reached skill level 10 in Fighting
 14057 | D:12     | Reached skill level 1 in Spellcasting
 14057 | D:12     | Reached XP level 13. HP: 82/82 MP: 12/15
 14408 | D:12     | Noticed a boulder beetle
 14420 | D:12     | Killed a boulder beetle
 14515 | D:12     | Noticed a six-headed hydra
 14517 | D:12     | Killed a six-headed hydra
 14655 | D:12     | Reached skill level 5 in Spellcasting
 14655 | D:12     | Reached skill level 1 in Summonings
 14891 | D:13     | Identified the +1 chain mail "Geistrekk" {rC+ Will+ Stlth+}
 14905 | D:13     | Found a runed translucent door.
 14915 | D:13     | Found a runed translucent door.
 14919 | D:13     | Found a frozen archway.
 14933 | IceCv    | Entered an ice cave
 15211 | IceCv    | Found the +4 skin of Zhor {*Englaciate rC+++ SInv}
 15260 | IceCv    | Reached skill level 5 in Summonings
 16255 | IceCv    | Noticed an ironbound frostheart
 16258 | IceCv    | Noticed an ironbound frostheart
 16272 | IceCv    | Killed an ironbound frostheart
 16273 | IceCv    | HP: 1/82 [ironbound frostheart/creeping frost (31)]
 16273 | IceCv    | Slain by a polar bear

Illustrated notes

Levels and vault maps discovered:
D:1:      roderic_dead_forest, layout_basic, chequers_ecumenical_altar_grove
D:2:      layout_loops_cross, kennysheep_generic_room_4
D:3:      layout_loops_corners, serial_shops, nicolae_lakefront_shop,
          minmay_puff
D:4:      layout_gridville, tso_oasis_becter, minmay_temple_entry_hall
D:5:      layout_basic, mainiacjoe_overflow_cross_hatched,
          gammafunk_ghost_nasty_kobolds, chequers_arboretum, minivault_4,
          minivault_5
D:6:      layout_gridville, nicolae_overflow_squiral, serial_shops, shop,
          nicolae_stop_n_shop_2, kennysheep_little_box,
          nicolae_shop_behind_doors, shop, serial_bayou_lake_a
D:7:      kennysheep_big_flooded_room, layout_rooms,
          nicolae_overflow_hidden_temple, nzn_hepliaklqana_mist_gate,
          amcnicky_altar_gilded, enter_bailey_7, nicolae_elevator_lobby_plus
D:8:      lemuel_slime, layout_basic, gammafunk_temple_overflow_elements,
          serial_shops, nicolae_shop_behind_doors, uniq_maurice
D:9:      layout_roguey, mainiacjoe_overflow_small_starburst,
          gammafunk_ghost_icy, uniq_gastronok
D:10:     layout_cave_pools, erik_orc_4
D:11:     layout_gridville, erik_lair_orcish_takeover
D:12:     layout_roguey, uniq_josephine
D:13:     layout_loops_corners, portal_ice_cave_rime,
          minmay_statue_crystal_thing
Temple:   hellmonk_temple_flake
IceCv:    ice_cave_caverns_03

Skill      XL: |  1  2  3  4  5  6  7  8  9 10 11 12 13 |
---------------+----------------------------------------+-----
Fighting       | 3 4 6 10 | 10.0
Ranged Weapons | 6 7 8 9 12 13 14 18 | 18.0
Dodging        | 4 5 7 10 | 10.0
Armour         | 4 |  4.0
Evocations     | 5 6 10 | 10.0
Spellcasting   | 1 5 |  5.0
Summonings     | 8 |  8.7
Stealth        | |  1.3

Action                   |  1- 3 |  4- 6 |  7- 9 | 10-12 | 13-15 || total
-------------------------+-------+-------+-------+-------+-------++-------
 Fire: Shortbow          |    77 |   149 |   125 |    72 |       ||   423
       Arbalest          |       |       |       |   363 |   178 ||   541
Invok: Call Merchant     |       |       |       |     1 |       ||     1
Evoke: Wand              |       |       |       |       |     1 ||     1
  Use: Scroll            |     2 |     8 |    11 |    10 |     1 ||    32
       Potion            |       |       |     1 |     1 |     6 ||     8
Armor: Leather armour    |    16 |    19 |    12 |    26 |     7 ||    80
       Chain mail        |       |       |       |       |   117 ||   117
Dodge: Dodged            |    37 |    44 |    37 |   211 |    65 ||   394
Block: Other             |       |     9 |    10 |    52 |    27 ||    98
       Reflection        |       |       |     1 |     2 |     1 ||     4

Table legend: (Time is in decaauts)
 A = Elapsed time spent in this place.
 B = Non-inter-level travel time spent in this place.
 C = Inter-level travel time spent in this place.
 D = Time resting spent in this place.
 E = Time spent auto-exploring this place.
 F = Levels seen in this place.
 G = Mean time per level.
                   A        B        C        D        E       F      G
               +--------+--------+--------+--------+--------+-----+--------+
         Total |  16510 |  15825 |    685 |   2530 |  11229 |  15 | 1100.7 |
       Dungeon |  14905 |  14240 |    665 |   1707 |  10780 |  13 | 1146.5 |
        Temple |    175 |    156 |     19 |      0 |    135 |   1 |  175.0 |
      Ice Cave |   1429 |   1429 |      0 |    823 |    314 |   1 | 1429.0 |
               +--------+--------+--------+--------+--------+-----+--------+

Top non-repeatable levels by time:
     D:9: 2038 daAuts
    D:11: 1498 daAuts
   IceCv: 1429 daAuts
     D:5: 1422 daAuts
    D:12: 1371 daAuts
     D:7: 1319 daAuts
     D:6: 1300 daAuts
     D:8: 1156 daAuts
     D:3: 1113 daAuts
     D:1: 980 daAuts
     D:4: 875 daAuts
    D:10: 859 daAuts
     D:2: 799 daAuts
  Temple: 175 daAuts
    D:13: 170 daAuts
